 Dungeon Crawl Stone Soup version 0.19-a0-200-gccd4ce3 (console) character file.

11656 Lososik the Fighter (level 11, 0/89 (90) HPs)
             Began as a Demonspawn Wanderer on May 23, 2016.
             Was an Elder of Ru.
             Splashed by a brown ugly thing's acid (6 damage)
             ... on level 11 of the Dungeon on May 24, 2016.
             The game lasted 00:43:51 (8925 turns).

Lososik the Fighter (Demonspawn Wanderer)           Turns: 8925, Time: 00:43:51

HP:   0/89 (90)     AC: 10    Str: 23    XL:     11   Next: 52%
MP:   11/11         EV: 16    Int: 10    God:    Ru [****..]
Gold: 751           SH:  0    Dex: 14    Spells: 0 memorised, 10 levels left

rFire  . . .     SeeInvis .     a - +2 hand axe (elec)
rCold  . . .     Gourm    .     Q - +1 leather armour {MR+}
rNeg   . . .     Faith    .     (no shield)
rPois  +         Spirit   .     (helmet restricted)
rElec  .         Dismiss  .     A - +2 cloak
rCorr  .         Reflect  .     y - +0 pair of gloves
SustAt .         Harm     .     (no boots)
MR     +....                    (no amulet)
Stlth  +++++.....               M - +5 ring of strength
                                O - ring of poison resistance

@: somewhat resistant to hostile enchantments, quite stealthy
A: horns 1, molten scales 1, nightstalker 2, powered by death 3, no device heal
1, inability to use devices, no conjurations magic, no fire magic, no hexes
magic
a: Draw Out Power, Power Leap, Renounce Religion


You were on level 11 of the Dungeon.
You worshipped Ru.
Ru was greatly pleased with you.
You were hungry.

You visited 2 branches of the dungeon, and saw 12 of its levels.

You collected 751 gold pieces.

Inventory:

Hand Weapons
 a - a +2 hand axe of electrocution (weapon)
 b - a +2 hand crossbow
 k - a +0 dagger of speed
 H - a +2 war axe of electrocution
 L - a +1 dagger of electrocution
Missiles
 o - 27 bolts
Armour
 d - a +0 ring mail
 y - a +0 pair of gloves (worn)
 A - a +2 cloak (worn)
 Q - a +1 leather armour of magic resistance (worn)
Jewellery
 m - an uncursed ring of protection from cold
 u - an uncursed ring of positive energy
 w - an uncursed ring of protection from cold
 G - an uncursed ring of positive energy
 M - a +5 ring of strength (right hand)
 O - a ring of poison resistance (left hand)
 T - an uncursed ring of magical power
Scrolls
 e - 4 scrolls of teleportation {unknown}
 g - 3 scrolls of fear {unknown}
 h - 4 scrolls of remove curse
 i - 10 scrolls of identify
 n - 5 scrolls of amnesia
 p - a scroll of noise {unknown}
 s - 2 scrolls of immolation {unknown}
 t - 3 scrolls of recharging {unknown}
 B - a scroll of random uselessness {unknown}
 F - a scroll of blinking {unknown}
 U - a scroll of brand weapon {unknown}
Potions
 c - 4 potions of lignification
 j - a potion of resistance
 l - 4 potions of degeneration
 v - 6 potions of curing
 x - a potion of berserk rage {unknown}
 z - a potion of might
 D - a potion of heal wounds {unknown}
 E - a potion of flight {unknown}
 I - a potion of magic {unknown}
 N - a potion of cure mutation {unknown}
 R - a potion of agility
 W - 3 potions of brilliance {unknown}
Books
 J - a Young Poisoner's Handbook

   Spells                             Type                      Level
   a - Sting                          Conjuration/Poison           1
   b - Cure Poison                    Poison                       2
   c - Mephitic Cloud                 Conjuration/Poison/Air       3
   d - Olgreb's Toxic Radiance        Poison                       4
   e - Venom Bolt                     Conjuration/Poison           5
 V - a Grand Grimoire

   Spells                             Type                      Level
   a - Monstrous Menagerie            Summoning                    7
   b - Summon Greater Demon           Summoning                    7
   c - Malign Gateway                 Summoning/Translocation      7
   d - Summon Horrible Things         Summoning                    8
Comestibles
 f - 5 bread rations
 q - 7 meat rations
 r - 4 slices of pizza
 C - 4 beef jerkies
 K - 10 royal jellies
 P - 12 fruits


   Skills:
 * Level 10.0 Fighting
 + Level 4.5(4.6) Axes
   Level 1.0(3.0) Polearms
 + Level 5.3 Crossbows
 * Level 8.1 Armour
 * Level 8.4 Dodging
 - Level 6.0 Stealth
   Level 1.0 Shields


You had 10 spell levels left.
You didn't know any spells.

Dungeon Overview and Level Annotations

Branches:
Dungeon (11/15)            Temple (0/1) D:7            Lair (1/8) D:11
    Orc (0/2) D:11

Altars:
Ashenzari
Dithmenos
Elyvilon
Fedhas
Gozag
Kikubaaqudgha
Makhleb
Nemelex Xobeh
Qazlal
Ru
Sif Muna
Trog
Xom
Yredelemnul
Zin

Shops:
D:9 *   D:11 %


Innate Abilities, Weirdness & Mutations

You have a pair of small horns on your head.
You are partially covered in molten scales. (AC +1)
You are significantly more attuned to the shadows.
You regenerate a lot of health from kills.
Potions and wands are less effective at restoring your health.
You cannot study or use magical devices.
You cannot study or cast Conjurations magic.
You cannot study or cast Fire magic.
You cannot study or cast Hexes magic.


Message History

You are splashed with acid!
The acid burns!
* * * LOW HITPOINT WARNING * * *
The brown ugly thing misses you.
The brown ugly thing stops glowing.
The brown ugly thing closely misses you.
The brown ugly thing closely misses you.
You hit the brown ugly thing. You headbutt the brown ugly thing.
The brown ugly thing is heavily wounded.
The brown ugly thing barely misses you. The brown ugly thing kicks you!
* * * LOW HITPOINT WARNING * * *
You are splashed with acid!
The acid burns!
* * * LOW HITPOINT WARNING * * *
Read which item? (? for menu, Esc to quit)
Okay, then.
Drink which item? (? for menu, Esc to quit)
Okay, then.
The brown ugly thing kicks you.
* * * LOW HITPOINT WARNING * * *
You are splashed with acid!
The acid burns!
You die...

▒ ▒∙∙∙∙∙∙∙∙∙∙∙∙∙∙∙▒
▒▒▒▒∙▒▒▒▒▒∙▒▒▒▒▒▒▒∙▒
∙∙∙∙∙▒ ▒∙▒ ▒∙▒ ▒▒▒▒▒▒
▒▒▒▒▒▒▒▒▒▒∙▒▒ ▒
▒∙)∙∙))∙∙∙∙∙▒ ▒
▒∙▒▒▒)▒▒▒▒∙∙▒
▒▒▒▒▒▒▒▒▒)▒8∙∙∙8▒▒∙∙▒
∙∙%∙∙))∙)∙▒∙∙∙∙∙▒▒∙∙▒
∙∙[∙∙▒▒▒∙▒▒∙∙>∙∙▒▒∙∙▒
▒▒▒∙∙▒∙∙∙▒▒∙∙∙∙∙▒▒∙∙▒▒▒▒▒
▒ ▒∙∙∙∙▒▒▒▒8∙∙∙8▒▒∙∙∙∙∙∙∙
▒ ▒▒▒▒<∙∙▒▒▒▒▒▒▒▒▒▒∙▒▒▒▒∙
▒ ▒▒▒∙▒∙▒ ▒∙▒ ▒∙▒ ▒ ▒∙∙∙▒
▒∙▒ ▒∙▒ ▒▒▒▒
▒▒∙▒▒▒▒∙▒▒▒▒)▒ ∙∙∙▒
▒∙∙∙∙∙∙(∙∙∙∙▒ ▒▒∙▒
▒∙▒▒▒▒∙u@∙∙▒▒ ▒∙▒
▒∙∙∙∙∙∙▒▒▒∙▒ ▒∙▒ ▒▒▒▒▒▒∙▒
▒∙▒ ▒∙▒ ▒∙▒ ▒∙▒ ▒∙▒ ▒∙▒
▒∙▒ ▒∙▒ ▒∙▒ ▒∙▒ ▒▒∙▒
▒∙▒▒▒∙▒ ∙▒∙▒ ▒▒▒▒▒∙∙▒▒∙▒
∙∙∙▒ ▒∙∙∙∙∙∙∙∙∙▒
∙▒∙▒▒▒▒▒▒▒∙▒▒▒▒∙▒▒▒▒
▒▒∙∙∙∙∙∙∙∙∙▒ ▒∙▒
▒▒▒▒▒▒▒▒▒▒▒ ▒∙▒
▒▒▒▒▒▒▒▒▒∙▒
▒▒▒▒▒▒▒∙∙∙∙∙∙∙∙∙▒
∙∙∙>∙∙∙∙∙∙∙∙∙▒▒▒▒
∙∙∙∙∙∙▒∙▒∙▒▒∙▒
▒▒▒▒▒▒▒∙▒∙▒▒∙▒


You could see a brown ugly thing.

Vanquished Creatures
  A hydra (D:11)
  Erica (D:10)
  An unseen horror (D:9)
  2 hill giants (D:10)
  An ugly thing (D:11)
  The ghost of Lososik the Skirmisher, a novice DsWn of Ru (D:5)
  2 centaur skeletons
  A troll (D:11)
  3 blink frogs (D:11)
  Sigmund (D:4)
  A vampire (D:10)
  A steam dragon (D:10)
  6 yaks
  A hippogriff (D:7)
  A hungry ghost (D:5)
  Menkaure (D:6)
  A soldier ant (D:9)
  Edmund (D:6)
  An ice beast (D:10)
  4 orc warriors
  2 sky beasts
  2 wasps (D:9)
  4 phantoms
  3 black bears
  9 ogres
  A necrophage (D:8)
  6 centaurs
  A crocodile (D:10)
  4 big kobolds
  3 gnoll sergeants
  4 giant frogs
  4 scorpions
  A wyvern skeleton (D:7)
  4 killer bees (D:11)
  4 howler monkeys (D:11)
  A crimson imp (D:5)
  A giant frog zombie (D:10)
  A quasit (D:10)
  4 jellies
  2 orc priests (D:10)
  3 orc wizards
  5 hounds
  2 giant frog skeletons
  An iguana (D:8)
  5 worker ants
  A hell rat (D:11)
  3 killer bee zombies
  A hound skeleton (D:5)
  Robin (D:2)
  8 gnolls
  10 adders
  A river rat (D:11)
  3 shadow imps
  3 oozes
  2 worms (D:2)
  6 dart slugs
  6 giant geckos
  22 orcs
  3 giant cockroaches
  10 goblins
  5 hobgoblins
  10 jackals
  3 quokkas
  3 ball pythons
  5 bats
  7 giant newts
  8 kobolds
  7 rats
237 creatures vanquished.

Vanquished Creatures (others)
  An orc priest (D:9)
  An orc wizard (D:6)
  A kobold (D:9)
3 creatures vanquished.

Grand Total: 240 creatures vanquished

Notes
Turn   | Place    | Note
--------------------------------------------------------------
     0 | D:1      | Lososik the Demonspawn Wanderer began the quest for the Orb.
     0 | D:1      | Lososik set off with: a +2 hand crossbow, 24 bolts, a potion of lignification, a +0 ring mail, a bread ration
     0 | D:1      | Reached XP level 1. HP: 18/18 MP: 1/1
    90 | D:1      | Gained mutation: You are slightly more attuned to the shadows. [demonic ancestry]
    90 | D:1      | Reached XP level 2. HP: 24/24 MP: 2/2
   814 | D:2      | Noticed Robin
   818 | D:2      | Gained mutation: You regenerate a little health from kills. [demonic ancestry]
   818 | D:2      | Reached XP level 3. HP: 29/29 MP: 3/3
   820 | D:2      | Killed Robin
   882 | D:2      | Reached skill level 4 in Fighting
   955 | D:2      | Gained mutation: You regenerate health from kills. [demonic ancestry]
   955 | D:2      | Reached XP level 4. HP: 37/37 MP: 4/4
  1510 | D:2      | Found an ancient bone altar of Kikubaaqudgha.
  1942 | D:3      | Reached XP level 5. HP: 6/43 MP: 5/5
  2635 | D:4      | Noticed Sigmund
  2656 | D:4      | Killed Sigmund
  2656 | D:4      | Reached skill level 5 in Fighting
  2656 | D:4      | Gained mutation: You regenerate a lot of health from kills. [demonic ancestry]
  2656 | D:4      | Reached XP level 6. HP: 24/51 MP: 6/6
  2834 | D:4      | Found a sacrificial altar of Ru.
  3014 | D:4      | Gained mutation: You are partially covered in molten scales. (AC +1) [demonic ancestry]
  3014 | D:4      | Reached XP level 7. HP: 32/56 MP: 7/7
  3407 | D:4      | Became a worshipper of Ru the Awakened
  3427 | D:5      | Entered Level 5 of the Dungeon
  3454 | D:5      | Found a shimmering altar of Xom.
  3714 | D:5      | Noticed Lososik's ghost (novice DsWn)
  3735 | D:5      | Killed Lososik's ghost
  3735 | D:5      | Reached skill level 6 in Fighting
  3833 | D:5      | Noticed a hungry ghost
  3843 | D:5      | Killed a hungry ghost
  3843 | D:5      | Reached XP level 8. HP: 65/65 MP: 8/8
  4454 | D:6      | Noticed Menkaure
  4459 | D:6      | Killed Menkaure
  4576 | D:6      | Noticed Edmund
  4588 | D:6      | Killed Edmund
  4588 | D:6      | Reached skill level 1 in Axes
  4902 | D:6      | Reached skill level 7 in Fighting
  5113 | D:7      | Found a sparkling altar of Nemelex Xobeh.
  5114 | D:7      | Found a basalt altar of Yredelemnul.
  5116 | D:7      | Found a deep blue altar of Sif Muna.
  5190 | D:7      | Gained mutation: You cannot study or use magical devices. [Ru sacrifice]
  5190 | D:7      | Reached * piety under Ru
  5190 | D:7      | Reached ** piety under Ru
  5190 | D:7      | Reached *** piety under Ru
  5253 | D:7      | Found a staircase to the Ecumenical Temple.
  5299 | D:7      | Found a bloodstained altar of Trog.
  5303 | D:7      | Found a stormy altar of Qazlal.
  5304 | D:7      | Found a shimmering altar of Xom.
  5320 | D:7      | Found a glowing silver altar of Zin.
  5563 | D:7      | Found a blossoming altar of Fedhas.
  5630 | D:7      | Reached XP level 9. HP: 72/72 MP: 9/9
  5655 | D:7      | Found a burning altar of Makhleb.
  5662 | D:7      | Found a shattered altar of Ashenzari.
  5763 | D:7      | Noticed a green death
  5766 | D:7      | Noticed an orange demon
  5766 | D:7      | Noticed a hellwing
  5861 | D:7      | Reached skill level 5 in Dodging
  6072 | D:8      | Reached skill level 5 in Armour
  6072 | D:8      | Reached skill level 5 in Stealth
  6386 | D:9      | Noticed an unseen horror
  6390 | D:9      | Found a white marble altar of Elyvilon.
  6417 | D:9      | Killed an unseen horror
  6417 | D:9      | Reached skill level 8 in Fighting
  6551 | D:9      | Found Gozag's Platinum Reserve.
  6631 | D:9      | Found an opulent altar of Gozag.
  6707 | D:9      | Found a bloodstained altar of Trog.
  6861 | D:9      | Found a shadowy altar of Dithmenos.
  6953 | D:9      | Gained mutation: Potions and wands are less effective at restoring your health. [Ru sacrifice]
  7111 | D:9      | Gained mutation: You have a pair of small horns on your head. [demonic ancestry]
  7111 | D:9      | Reached XP level 10. HP: 71/80 MP: 10/10
  7223 | D:10     | Entered Level 10 of the Dungeon
  7233 | D:10     | Noticed a hill giant
  7240 | D:10     | Killed a hill giant
  7321 | D:10     | Noticed a hill giant
  7329 | D:10     | Killed a hill giant
  7469 | D:10     | Reached skill level 9 in Fighting
  7601 | D:10     | Noticed Erica
  7624 | D:10     | Killed Erica
  8228 | D:11     | Gained mutation: You are significantly more attuned to the shadows. [demonic ancestry]
  8228 | D:11     | Reached XP level 11. HP: 48/88 MP: 11/11
  8257 | D:11     | Found a staircase to the Lair.
  8272 | Lair:1   | Entered Level 1 of the Lair of Beasts
  8417 | D:11     | Reached skill level 5 in Crossbows
  8425 | D:11     | Gained mutation: You cannot study or cast Fire magic. [Ru sacrifice]
  8425 | D:11     | Gained mutation: You cannot study or cast Hexes magic. [Ru sacrifice]
  8425 | D:11     | Gained mutation: You cannot study or cast Conjurations magic. [Ru sacrifice]
  8425 | D:11     | Reached **** piety under Ru
  8427 | D:11     | Noticed a six-headed hydra
  8435 | D:11     | Killed a six-headed hydra
  8620 | D:11     | Reached skill level 10 in Fighting
  8624 | D:11     | Found a staircase to the Orcish Mines.
  8627 | D:11     | Noticed a white ugly thing
  8641 | D:11     | Killed a white ugly thing
  8700 | D:11     | Upgraded the game from 0.19-a0-179-g16b7179 to 0.19-a0-200-gccd4ce3
  8703 | D:11     | Found Iniedyfe's Food Boutique.
  8868 | D:11     | Noticed a brown ugly thing
  8910 | D:11     | HP: 4/89 [acid (9)]
  8925 | D:11     | Splashed by a brown ugly thing's acid

Vault maps used:
D:1:      minmay_arrival_stair_chambers, glass_columns_a
D:2:      marbit_many_paths, uniq_robin
D:3:      kennysheep_generic_room_8
D:4:      nicolae_ru_the_path_less_chosen, uniq_sigmund
D:5:      first_bread, basic_altar
D:6:      minmay_bad_closet, uniq_edmund, uniq_menkaure
D:7:      fedhas_altar_fruit_tree, makhleb_altar_promises_db,
          lemuel_round_altar, grunt_temple_overflow_open,
          cheibrodos_ashenzari_chains, minmay_temple_entry_junction,
          basic_altar, minivault_22
D:9:      nicolae_gozag_zags_fifth_avenue, grunt_dithmenos_smoke,
          nicolae_overflow_crystal_walls, hangedman_pestilent_swarm,
          trog_ov_bears_minmay
D:10:     uniq_erica
D:11:     dpeg_lair_monsters, kennysheep_orc_monster_closet_entryway,
          serial_shops, nicolae_shop_behind_doors

Skill      XL: |  1  2  3  4  5  6  7  8  9 10 11 |
---------------+----------------------------------+-----
Fighting       | 4 5 6 7 8 9 10 | 10.0
Stealth        | 2 3 4 5 6 |  6.0
Dodging        | 2 3 4 6 7 8 |  8.4
Armour         | 2 3 4 6 7 8 |  8.1
Crossbows      | 2 4 5 |  5.3
Axes           | 1 2 3 4 |  4.5
Polearms       | |  1.0
Shields        | |  1.0

Action                   |  1- 3 |  4- 6 |  7- 9 | 10-12 || total
-------------------------+-------+-------+-------+-------++-------
Melee: Dagger            |       |   214 |    61 |     4 ||   279
       Hand axe          |       |       |   199 |   247 ||   446
       War axe           |       |       |     1 |       ||     1
       Headbutt          |       |       |       |    65 ||    65
 Fire: Hand crossbow     |    70 |    23 |    25 |    31 ||   149
Invok: Sacrifice Artific |       |       |     1 |       ||     1
       Sacrifice Purity  |       |       |     1 |       ||     1
       Draw Out Power    |       |       |       |     1 ||     1
       Sacrifice Arcana  |       |       |       |     1 ||     1
  Use: Potion            |       |       |     1 |     6 ||     7
       Scroll            |       |       |     3 |       ||     3
 Stab: Sleeping          |       |     5 |    18 |     3 ||    26
       Invisible         |       |       |     2 |     7 ||     9
       Distracted        |       |       |     1 |     3 ||     4
  Eat: Chunk             |       |     5 |    12 |     6 ||    23
       Beef jerky        |       |     1 |       |       ||     1
       Fruit             |       |       |     2 |       ||     2
Armor: Ring mail         |    11 |    57 |    18 |       ||    86
       Leather armour    |       |       |    84 |    98 ||   182
       Skin              |       |       |       |    42 ||    42
Dodge: Dodged            |    17 |    92 |   185 |   239 ||   533
